 Dungeon Crawl Stone Soup version 0.26-a0-1138-gef23d1325b (webtiles) character file.

Game seed: 5081147131993670035

44 Froggeryz the Cutter (level 3, -1/24 HPs)
             Began as a Halfling Gladiator on Dec 21, 2020.
             Killed from afar by an orc wizard (8 damage)
             ... with a puff of flame
             ... on level 3 of the Dungeon.
             The game lasted 00:01:56 (1849 turns).

Froggeryz the Cutter (Halfling Gladiator)           Turns: 1849, Time: 00:01:56

Health: -1/24      AC:  7    Str: 15 (16) XL:     3   Next: 85%
Magic:  3/3        EV: 13    Int:  4 (6)  God:
Gold:   110        SH:  0    Dex: 14 (15) Spells: 2/2 levels left

rFire    . . .     SeeInvis .   a - +0 rapier
rCold    . . .     Faith    .   (shield restricted)
rNeg     . . .     Spirit   .   i - +0 scale mail
rPois    .         Reflect  .   c - +0 helmet
rElec    .         Harm     .   (no cloak)
rCorr    .         Rampage  .   (no gloves)
Will     .....                  (no boots)
Stlth    ..........             (no amulet)
HPRegen  0.08/turn              (no ring)
MPRegen  0.08/turn              (no ring)

@: confused, hasted, very quick
A: small, mutation resistance 1
a: no special abilities


You were on level 3 of the Dungeon.
You visited 1 branch of the dungeon, and saw 3 of its levels.

You collected 110 gold pieces.

Inventory:

Hand Weapons
 a - a +0 rapier (weapon)
Missiles
 d - 3 throwing nets (quivered)
 l - 4 curare-tipped darts
Armour
 c - a +0 helmet (worn)
 i - a +0 scale mail (worn)
Wands
 n - a wand of digging (7)
Scrolls
 e - 2 scrolls of immolation {unknown}
 g - 2 scrolls of blinking {unknown}
Potions
 b - 2 potions of degeneration
 f - a potion of flight {unknown}
 h - a potion of magic {unknown}
 j - a potion of curing {unknown}
 k - a potion of heal wounds {unknown}
 m - a potion of haste


   Skills:
 - Level 1.7 Fighting
 * Level 5.4 Short Blades
 - Level 2.0 Throwing
 - Level 3.2 Dodging


You had 2 spell levels left.
You didn't know any spells.
Your spell library was empty.

Dungeon Overview and Level Annotations

Branches:
Dungeon (3/15)

Altars:
Vehumet
Yredelemnul


Innate Abilities, Weirdness & Mutations

You are small and have problems with some larger weapons.
You are somewhat resistant to further mutation.


Message History

The orc barely misses you. The orc closely misses you.
You see here a murky pink potion.
You hear some strange, mumbled words.
A puff of flame appears from out of thin air!
The puff of flame hits you!
You hear some strange, mumbled words.
You are confused.
The orc hits you with a +0 club.
* * * LOW HITPOINT WARNING * * *
Something hits you but does no damage. The orc hits you but does no damage.
It was a potion of degeneration.
There was something very wrong with that liquid.
You feel weakened.
You feel dopey.
You feel clumsy. The orc closely misses you. Something completely misses you.
The orc completely misses you.
It was a potion of haste.
You feel yourself speed up.
You hear some strange, mumbled words.
A puff of flame appears from out of thin air!
The puff of flame hits you!
You die...

. #.........#
..#.......o.##...
..................
....................
.........!####......
.............+......
.......###.o.#......
.......# #{o.# .....
......###@o.# .....
###........#[.
#............
#............. ...
#.###.....####
....##.###.....###
...................
.......>...........
.....#..........###


You could see 3 orcs.

Vanquished Creatures
  3 worms (D:2)
  2 dart slugs (D:2)
  4 goblins
  4 hobgoblins
  4 jackals
  2 kobolds
  A quokka (D:2)
  3 bats
  A frilled lizard (D:2)
  5 rats
  A spectral orc (D:2)
30 creatures vanquished.

Notes
Turn   | Place    | Note
-------+----------+-------------------------------------------
     0 | D:1      | Froggeryz the Halfling Gladiator began the quest for the
                  | Orb.
     0 | D:1      | Reached XP level 1. HP: 14/14 MP: 1/1
   156 | D:1      | You fall into a shaft and drop 1 floor!
   159 | D:2      | Reached skill level 4 in Short Blades
   175 | D:2      | Reached XP level 2. HP: 19/19 MP: 2/2
   983 | D:2      | Reached XP level 3. HP: 24/24 MP: 3/3
  1451 | D:2      | Reached skill level 5 in Short Blades
  1617 | D:2      | Found a radiant altar of Vehumet.
  1720 | D:2      | Found a basalt altar of Yredelemnul.
  1849 | D:3      | Killed from afar by an orc wizard

Illustrated notes

Levels and vault maps discovered:
D:1:      giann_horns, layout_loops_cross
D:2:      minmay_alternating_diamond, layout_loops_ring, old_standard_altar,
          yredelemnul_forgotten_temple_becter
D:3:      layout_basic, general_overflow_altar

Skill      XL: |  1  2  3 |
---------------+----------+-----
Short Blades   | 4 5 |  5.4
Fighting       | |  1.7
Throwing       | |  2.0
Dodging        | |  3.2

Action                   || total
-------------------------++-------
Melee: Rapier            ||    92
  Use: Scroll            ||     1
       Potion            ||     2
Armor: Ring mail         ||     6
       Leather armour    ||     1
       Scale mail        ||    13
Dodge: Dodged            ||    49

Table legend: (Time is in decaauts)
 A = Elapsed time spent in this place.
 B = Non-inter-level travel time spent in this place.
 C = Inter-level travel time spent in this place.
 D = Time resting spent in this place.
 E = Time spent auto-exploring this place.
 F = Levels seen in this place.
 G = Mean time per level.
                   A        B        C        D        E       F      G
               +--------+--------+--------+--------+--------+-----+--------+
         Total |   1846 |   1732 |    114 |    192 |   1248 |   3 |  615.3 |
       Dungeon |   1846 |   1732 |    114 |    192 |   1248 |   3 |  615.3 |
               +--------+--------+--------+--------+--------+-----+--------+

Top non-repeatable levels by time:
     D:2: 1085 daAuts
     D:1: 717 daAuts
     D:3: 43 daAuts
